 Dungeon Crawl Stone Soup version 0.14-a0-1663-g0b35444 (webtiles) character file.

194 Nicoed the Shield-Bearer (level 4, -3/35 HPs)
             Began as a Human Fighter on Dec 29, 2013.
             Was an Initiate of Makhleb.
             Slain by Nicoed's ghost (4 damage)
             ... on Level 3 of the Dungeon.
             The game lasted 00:08:54 (2416 turns).

Nicoed the Shield-Bearer (Human Fighter)            Turns: 2416, Time: 00:08:55

HP  -3/35        AC  7     Str 18      XL: 4   Next: 71%
MP   4/4         EV  6     Int  8      God: Makhleb [......]
Gold 111         SH 18     Dex 12      Spells:  0 memorised,  3 levels left

rFire  . . .     SeeInvis .     a - +0 hand axe
rCold  . . .     Clarity  .     b - +0 scale mail
rNeg   . . .     Conserve .     c - +0 shield
rPois  .         rCorr    .     j - -2 helmet (curse)
rElec  .         rRot     .     (no cloak)
SustAb . .       Spirit   .     k - +0 pair of gloves
rMut   .         Warding  .     (no boots)
Saprov . . .     Stasis   .     (no amulet)
                                (no ring)
                                (no ring)

@: slightly resistant to hostile enchantments, extremely unstealthy
A: no striking features
a: Renounce Religion


You were on level 3 of the Dungeon.
You worshipped Makhleb.
Makhleb was noncommittal.
You were very hungry.

You visited 1 branch of the dungeon, and saw 3 of its levels.

You collected 111 gold pieces.

Inventory:

Hand weapons
 a - a +0,+0 hand axe (weapon)
Armour
 b - a +0 scale mail (worn)
 c - a +0 shield (worn)
 j - a cursed -2 helmet (worn)
 k - a +0 pair of gloves (worn)
Comestibles
 i - a bread ration
 n - a pear
 s - a banana
Scrolls
 d - a scroll of enchant weapon II
 e - a scroll of noise {unknown}
 f - a scroll of fear {unknown}
 g - a scroll of blinking {unknown}
 h - a scroll of magic mapping {unknown}
 m - a scroll of amnesia
 o - a scroll of enchant armour {unknown}
 q - a scroll of teleportation {unknown}


   Skills:
 + Level 3.4 Fighting
 + Level 2.5 Axes
 + Level 3.6 Armour
 + Level 1.2 Dodging
 + Level 3.6 Shields


You had 3 spell levels left.
You didn't know any spells.

Dungeon Overview and Level Annotations

Branches:
Dungeon (3/16)

Altars:
Makhleb

Annotations:
D:3 Nicoed's ghost, average MiFi


Message History

You barely miss Nicoed's ghost.
Nicoed's ghost is heavily damaged.
Nicoed's ghost hits you but does no damage.
You hit Nicoed's ghost but do no damage.
Nicoed's ghost is heavily damaged.
Nicoed's ghost hits you. Nicoed's ghost hits you!
* * * LOW HITPOINT WARNING * * *
Unknown command.
You hit Nicoed's ghost but do no damage.
Nicoed's ghost is heavily damaged.
Nicoed's ghost hits you!
* * * LOW HITPOINT WARNING * * *
Unknown command.
You hit Nicoed's ghost.
Nicoed's ghost is heavily damaged.
You block Nicoed's ghost's attack.
You hit Nicoed's ghost but do no damage.
Nicoed's ghost is heavily damaged.
Nicoed's ghost hits you.
You die...

######+###
######.........#
#####....'.@.......+
####.....####.p.......#
###....##### #.........
#...#### #.........
..### #......... ###
#........ # #.......
#######


You could see Nicoed's ghost.

Vanquished Creatures
  An adder (D:3)
  An inept feature mimic (D:2)
  A giant mite (D:3)
  An adder zombie (D:2)
  2 giant geckos (D:1)
  An ooze (D:1)
  3 bats
  4 giant cockroaches
  7 hobgoblins
  4 jackals (D:2)
  6 kobolds
  A giant gecko skeleton (D:2)
  6 giant newts
  A giant newt skeleton (D:2)
  6 goblins
  A goblin zombie (D:2)
  A hobgoblin skeleton (D:2)
  9 rats
  A plant (D:2)
57 creatures vanquished.

Notes
Turn   | Place    | Note
--------------------------------------------------------------
     0 | D:1      | Nicoed, the Human Fighter, began the quest for the Orb.
     0 | D:1      | Reached XP level 1. HP: 18/18 MP: 1/1
   109 | D:1      | Reached XP level 2. HP: 21/24 MP: 2/2
   564 | D:1      | Reached XP level 3. HP: 25/29 MP: 3/3
  1491 | D:2      | Reached XP level 4. HP: 31/35 MP: 4/4
  1655 | D:2      | Reached skill level 1 in Dodging
  1695 | D:2      | Found a burning altar of Makhleb.
  1695 | D:2      | Noticed a blizzard demon
  1698 | D:2      | Noticed a ynoxinul
  1698 | D:2      | Noticed a smoke demon
  1756 | D:2      | Became a worshipper of Makhleb the Destroyer
  2372 | D:3      | Noticed Nicoed's ghost (average MiFi)
  2414 | D:3      | HP: 1/35 [Nicoed's ghost (8)]
  2416 | D:3      | Slain by Nicoed's ghost

Action                   |  1- 3 |  4- 6 || total
-------------------------+-------+-------++-------
Melee: Hand axe          |   251 |    83 ||   334
  Use: Potion            |       |     7 ||     7
       Scroll            |       |     3 ||     3
